 Dungeon Crawl Stone Soup version 0.31.0-11-ge490571c62 (webtiles) character file.

Game seed: 1102842863554796685

438406 Goncyn the Slayer (level 22, -20/210 (226) HPs)
             Began as a Minotaur Berserker on Jan 27, 2024.
             Was the Champion of Trog.
             Demolished by a shadow dragon simulacrum (27 damage)
             ... animated by a necromancer
             ... on level 1 of the Depths on Jan 29, 2024.
             The game lasted 05:48:44 (50436 turns).

Goncyn the Slayer (Minotaur Berserker)             Turns: 50436, Time: 05:48:45

HP:   -20/210 (226) AC: 50    Str: 31    XL:     22   Next: 97%
MP:   21/21         EV: 17    Int:  6    God:    Trog [******]
Gold: 3929          SH: 21    Dex: 16    Spells: 21/21 levels left

rFire   + + .        a - +7 broad axe (vamp)
rCold   . . .        j - +0 kite shield
rNeg    + + .        K - +15 Maxwell's patent armour {-Cast -Tele rElec Will+ rCorr}
rPois   .            V - +2 hat {Stlth+}
rElec   +            Q - +2 cloak {Will+}
rCorr   +            W - +2 pair of gloves {hurl}
SInv    +            P - +3 pair of mountain boots {steadfast, rC+}
Will    +++++        M - amulet of reflection Stlth
                     H - ring "Cage" {Fly rF+ Str+2 Dex+2 SInv}
HPRegen 1.55/turn    A - ring of Fagaeteth {Fire rElec rN++ Dex+2 Slay+3}
MPRegen 0.17/turn

%: no teleportation, no spellcasting, reflection
@: flayed, strong-willed, on berserk cooldown, flying, regenerating, hasted,
drained, very quick
A: horns 2, retaliatory headbutt
}: 2/15 runes: decaying, gossamer
a: Renounce Religion, Berserk, Trog's Hand, Brothers in Arms


You were on level 1 of the Depths.
You worshipped Trog.
Trog was exalted by your worship.
You visited 10 branches of the dungeon, and saw 41 of its levels.
You also visited: Gauntlet and Desolation.

You collected 4991 gold pieces.
You spent 1062 gold pieces at shops.

Inventory:

Hand Weapons
 a - a +7 vampiric broad axe (weapon)
 b - a +1 spectral demon whip
Missiles
 J - 8 boomerangs
 N - 22 silver javelins (quivered)
Armour
 j - a +0 kite shield (worn)
 K - the +15 Maxwell's patent armour (worn) {-Cast -Tele rElec Will+ rCorr}
   (You acquired it on level 15 of the Dungeon)

   rElec:     It insulates you from electricity.
   Will+:     It increases your willpower.
   -Cast:     It prevents spellcasting.
   -Tele:     It prevents most forms of teleportation.
   rCorr:     It protects you from acid and corrosion.
 P - the +3 pair of mountain boots (worn) {steadfast, rC+}
   (You found it on level 2 of the Vaults)

   Steadfast: It prevents involuntary movement, except for blinking,
   teleportation, or banishment.
   rC+:       It protects you from cold.
 Q - a +2 cloak of willpower (worn)
 V - a +2 hat of stealth (worn)
 W - a +2 pair of gloves of hurling (worn)
Jewellery
 A - the ring of Fagaeteth (right hand) {Fire rElec rN++ Dex+2 Slay+3}
   (You acquired it on level 4 of the Spider Nest)

   [ring of fire]

   Fire:      It enhances your fire magic.
   Dex+2:     It affects your dexterity (+2).
   Slay+3:    It affects your accuracy & damage with ranged weapons and melee
   (+3).
   rF+:       It protects you from fire.
   rC-:       It makes you vulnerable to cold.
   rElec:     It insulates you from electricity.
   rN++:      It greatly protects you from negative energy.
 H - the ring "Cage" (left hand) {Fly rF+ Str+2 Dex+2 SInv}
   (You found it in the Desolation of Salt)

   [ring of flight]

   Str+2:     It affects your strength (+2).
   Dex+2:     It affects your dexterity (+2).
   rF+:       It protects you from fire.
   SInv:      It lets you see invisible.
   Fly:       It grants you flight.
 M - an amulet of reflection (around neck)
 Y - the ring "Yroil" {Will+ Int+6 Dex+6}
   (You found it in the Desolation of Salt)

   [ring of dexterity]

   Int+6:     It affects your intelligence (+6).
   Dex+6:     It affects your dexterity (+6).
   Will+:     It increases your willpower.
Wands
 o - a wand of flame (16)
 y - a wand of iceblast (24)
 F - a wand of acid (26)
 S - a wand of digging (42)
Scrolls
 d - 10 scrolls of revelation
 e - 8 scrolls of enchant armour
 h - 4 scrolls of immolation
 k - 2 scrolls of poison
 n - 15 scrolls of teleportation
 r - 4 scrolls of blinking
 G - 3 scrolls of silence
 L - 5 scrolls of fog
 X - a scroll of fear
Potions
 c - a potion of heal wounds
 f - 4 potions of invisibility
 i - a potion of magic
 p - 2 potions of enlightenment
 t - 8 potions of mutation
 v - 4 potions of might
 w - a potion of haste
 z - 11 potions of curing
 C - 5 potions of ambrosia
 D - 5 potions of attraction
 R - a potion of resistance
 U - 2 potions of cancellation
Miscellaneous
 l - a phial of floods
 q - a lightning rod (4/4)
 O - a tin of tremorstones (2/2)
 Z - a phantom mirror


   Skills:
 * Level 25.1 Fighting
 - Level 18.0 Axes
 - Level 12.0 Throwing
 * Level 22.5 Armour
 - Level 16.2 Dodging
 * Level 21.2 Shields
 - Level 6.0 Evocations


You had 21 spell levels left.
You didn't know any spells.
Your spell library was empty.

Dungeon Overview and Level Annotations

Branches:
Dungeon (15/15)            Temple (1/1) D:7            Lair (5/5) D:9
  Swamp (4/4) Lair:3       Spider (4/4) Lair:2        Slime (0/5) Lair:4
    Orc (2/2) D:10            Elf (2/3) Orc:2        Vaults (4/5) D:14
  Crypt (3/3) Vaults:3       Tomb (0/3) Crypt:3      Depths (1/4) D:15
Desolation (visited)      Gauntlet (visited)

Altars:
Ashenzari
Cheibriados
Dithmenos
Elyvilon
Fedhas
Gozag
Hepliaklqana
Kikubaaqudgha
Makhleb
Nemelex Xobeh
Okawaru
Qazlal
Ru
Sif Muna
Trog
Uskayaw
Vehumet
Wu Jian
Xom
Yredelemnul
Zin
The Shining One
Jiyva

Shops:
D:9 ?   D:12 ?   Orc:1 *   Orc:2 [=:(   Vaults:1 ?   Vaults:3 (   Vaults:4 [

Annotations:
D:12 exclusion: oklob sapling
Swamp:1 Roxanne
Spider:2 3 runed translucent doors, exclusion: 3 doors, OlivierBoivin's ghost, adept OnFE


Innate Abilities, Weirdness & Mutations

You have a pair of horns on your head.
You reflexively headbutt those who attack you in melee.


Message History

The flayed ghost is severely damaged.
A freezing mist starts to gather... x2
A necromancer simulacrum and a shadow dragon simulacrum come into view.
The flayed ghost stares at you with tortured malice.
Terrible wounds spread across more of your body!
* * * LOW HITPOINT WARNING * * *
Throw: 23 javelins (silver)
Press: ? - help, Q - select action, (/) - cycle Shift-Dir - straight line, f/p - flayed ghost
Aim: a flayed ghost (severely damaged, 69% to hit)
You throw a silver javelin.
The silver javelin pierces through the shadow dragon!!!
The shadow dragon is almost dead.
The silver javelin pierces through the deep elf death mage!!
The deep elf death mage is heavily wounded.
The silver javelin pierces through the skeletal warrior!
The skeletal warrior is lightly damaged.
The silver javelin pierces through the flayed ghost!!
Something sacrifices itself to reknit the flayed ghost!
You feel yourself speed up.
The shadow dragon breathes negative energy at you.
The bolt of negative energy hits you! You partially resist.
You feel drained.
* * * LOW HITPOINT WARNING * * *
The bolt of negative energy hits the shadow dragon simulacrum.
The shadow dragon simulacrum completely resists.
The necromancer casts a spell.
The necromancer binds the souls of nearby monsters.
The shadow dragon simulacrum bites you!
* * * LOW HITPOINT WARNING * * *
The shadow dragon simulacrum freezes you!!
* * * LOW HITPOINT WARNING * * *
You block the shadow dragon simulacrum's attack.
The shadow dragon simulacrum claws you but does no damage.
You block the shadow dragon's attack.
The shadow dragon claws you but does no damage. x2
You feel yourself speed up.
You block the shadow dragon's attack. x3
The shadow dragon simulacrum bites you but does no damage.
The shadow dragon simulacrum claws you.
* * * LOW HITPOINT WARNING * * *
The shadow dragon simulacrum freezes you!!
You die...

.................#
#(####.#.#
######.Z#..#.###.#
#......#.#
.................#
########.#
#######.......#### #.#
............+ #.#
######.ZW...# #.#
##p..### #.#
##ZW################.##
#WpzzeD@Z............#
######################


You could see a shadow dragon (soul bound, catching breath), a deep elf death
mage (soul bound), 2 skeletal warriors, 2 flayed ghosts, a necromancer, a shadow
dragon simulacrum and a necromancer simulacrum.

Vanquished Creatures
  A dread lich (Crypt:3)
  An ancient lich (Depths:1)
  Xtahua (Crypt:3)
  Boris (twice) (Crypt:2 Crypt:3)
  Nikola (Vaults:1)
  Jory (Crypt:3)
  A bone dragon (Crypt:3)
  Jorgrun (Elf:1)
  A deep elf blademaster (Elf:2)
  Mlioglotl (Swamp:3)
  Rupert (Spider:1)
  3 liches
  Asterion (Elf:1)
  2 titans
  A deep elf master archer (Elf:1)
  2 sphinxes
  4 ancient champions
  Aizul (Spider:2)
  A tengu reaver (Vaults:4)
  3 revenants
  4 shadow dragons (Depths:1)
  Donald (Spider:1)
  A fire giant (Vaults:3)
  2 frost giants (Vaults:1)
  10 vault wardens
  4 emperor scorpions
  An imperial myrmidon (Desolation)
  4 ghost moths (Spider:4)
  5 ghouls (Crypt:1)
  6 broodmothers
  4 orc warlords
  5 ironbound thunderhulks
  2 stone giants
  A quicksilver ooze (Gauntlet)
  19 ironbound preservers
  2 formless jellyfish
  5 very ugly things
  4 vampire knights
  8 eleionomae
  3 deep elf death magi
  A deep elf demonologist (Elf:2)
  3 spark wasps (Spider:4)
  2 halazid warlocks (Desolation)
  7 dire elephants
  A minotaur (Gauntlet)
  2 bunyips
  2 deep elf annihilators
  Azrael (D:14)
  4 war gargoyles (Crypt:3)
  Snorg (Lair:3)
  2 ettins
  5 eidola (Crypt:2)
  6 crystal guardians
  2 fire dragons
  A quicksilver dragon zombie (Crypt:3)
  6 jiangshi (Crypt:2)
  A shambling mangrove (Swamp:2)
  6 great orbs of eyes
  3 entropy weavers
  9 yaktaur captains
  4 servants of whispers (Desolation)
  2 spriggan zombies
  5 ragged hierophants (Desolation)
  4 ice dragons (Swamp:4)
  2 vault guards (Vaults:3)
  11 hydras
  8 alligators
  11 ironbound frosthearts
  An ogre mage (Orc:2)
  2 peacekeepers
  A sphinx zombie (Depths:1)
  2 spriggan skeletons (Crypt:1)
  A ghost crab (Swamp:3)
  6 catoblepae
  7 boulder beetles
  4 centaur warriors
  Erica (Lair:2)
  2 jorogumos
  4 two-headed ogres
  3 radroaches
  2 death knights
  2 vampire magi (Crypt:2)
  Urug (Orc:2)
  7 death yaks (Lair:5)
  7 demonic crawlers
  A titan zombie (Crypt:3)
  2 tengu warriors (D:15)
  21 dancing weapons
  3 orc high priests (Elf:1)
  The ghost of DoNotCum the Thaumaturge, a journeyman DECj of Vehumet (Orc:1)
  6 hell knights (Crypt:3)
  A skyshark (Lair:5)
  13 deep elf knights
  26 skeletal warriors
  2 titan skeletons
  A bunyip zombie (Crypt:1)
  2 pharaoh ants
  2 anaconda zombies
  A golden dragon zombie (Crypt:3)
  5 goliath frogs
  2 flayed ghosts
  A glowing orange brain (Vaults:1)
  A spriggan druid (Swamp:3)
  55 deep trolls
  8 arcanists
  An orb spider (shapeshifter) (Vaults:3)
  10 lindwurms (Vaults:1)
  4 swamp dragons
  5 phantasmal warriors
  A shadow dragon zombie (Crypt:1)
  9 orb spiders
  14 ironbound convokers
  10 deep elf archers
  Pikel (D:5)
  An anaconda skeleton (Crypt:3)
  5 bog bodies
  25 deep elf pyromancers
  20 deep elf zephyrmancers
  11 necromancers
  A golden dragon skeleton (Crypt:2)
  A sun moth (Spider:4)
  A bunyip skeleton (Crypt:1)
  20 orc knights
  5 harpies (Vaults:4)
  An alligator zombie (Crypt:1)
  4 steelbarb worms (Spider:4)
  A goliath frog zombie (Crypt:1)
  An orc sorcerer (Orc:2)
  14 wolf spiders
  A shadow dragon skeleton (Vaults:3)
  2 tengu skeletons (Vaults:3)
  A stone giant zombie (Crypt:3)
  6 cyclopes
  A salamander (shapeshifter) (D:15)
  4 manticores
  23 ugly things
  3 will-o-the-wisps
  3 elf skeletons
  3 moths of wrath
  2 naga zombies (Crypt:3)
  17 vault sentinels
  7 kobold blastminers (Orc:2)
  25 elephants
  A black mamba (shapeshifter) (Elf:2)
  4 black mambas
  A fire giant skeleton (Vaults:3)
  2 dire elephant zombies
  2 stone giant skeletons
  4 human skeletons
  A torpor snail (Spider:1)
  2 guardian serpents (Desolation)
  2 gargoyles
  2 molten gargoyles (Desolation)
  An unseen horror (D:13)
  16 cane toads
  2 kobold demonologists (D:11)
  3 rime drakes
  2 centaur skeletons (Crypt:3)
  A shock serpent skeleton (Crypt:2)
  An efreet (D:14)
  2 unseen horror zombies (D:9)
  3 tengu conjurers
  9 freezing wraiths
  30 yaktaurs
  A death yak skeleton (Crypt:1)
  12 komodo dragons
  A hydra zombie (Crypt:2)
  A catoblepas skeleton (Crypt:2)
  6 trolls
  A purple draconian skeleton (Crypt:1)
  10 hornets
  Grinder (D:3)
  2 bloated husks (Swamp:3)
  8 tyrant leeches
  Prince Ribbit (D:6)
  10 blink frogs
  A harpy skeleton (Crypt:2)
  3 raiju
  18 tarantellas
  7 dream sheep (Lair:3)
  25 saltlings (Desolation)
  24 jumping spiders
  A hydra skeleton (Crypt:3)
  14 slime creatures
  2 centaur simulacra
  2 air elementals
  17 culicivoras
  A vampire (D:10)
  7 spriggans
  3 ettin skeletons
  A black mamba skeleton (Crypt:3)
  8 wraiths
  4 wyverns
  4 wargs
  75 yaks
  A steam dragon (Gauntlet)
  A water elemental (Elf:1)
  6 basilisks
  4 fire elementals
  A wind drake skeleton (Crypt:2)
  15 vampire mosquitoes
  5 swamp worm simulacra (Swamp:4)
  Menkaure (D:6)
  A harpy simulacrum (Crypt:1)
  44 redbacks
  A swamp worm (shapeshifter) (Vaults:1)
  14 swamp worms
  5 hell hounds (D:14)
  A two-headed ogre zombie (Crypt:1)
  3 acid dragons
  19 water moccasins
  14 hydra simulacra (Swamp:4)
  Duvessa (D:4)
  An entropy weaver zombie (Crypt:2)
  2 swamp drakes
  A sky beast (D:6)
  33 laughing skulls
  51 orc warriors
  A black bear (shapeshifter) (D:15)
  An ice beast (D:6)
  2 snapping turtle skeletons
  17 wolves
  12 ogres
  3 boggarts (Vaults:3)
  13 centaurs
  3 phantoms
  A swamp dragon skeleton (Crypt:1)
  2 lemures (D:5)
  5 kobold brigands
  3 gnoll sergeants
  2 scorpions (D:5)
  9 bullfrogs
  3 necrophages (Crypt:1)
  4 earth elementals
  A draconian skeleton (Crypt:1)
  Dowan (D:4)
  17 killer bees
  5 electric eels
  5 howler monkeys
  A bullfrog zombie (Crypt:2)
  A wyvern simulacrum (Gauntlet)
  5 centaur zombies (D:9)
  2 hounds
  3 bombardier beetles
  20 orc priests
  2 jellies
  2 iguanas
  Jessica (D:2)
  Terence (D:3)
  Natasha (twice) (D:4)
  26 orc wizards
  A tengu zombie (Crypt:2)
  A naga skeleton (Crypt:1)
  2 boggart simulacra (Gauntlet)
  A crocodile skeleton (Crypt:1)
  Robin (D:2)
  3 howler monkey zombies (D:9)
  18 gnolls
  9 adders
  3 shadow imps
  A white imp (D:6)
  3 swamp drake simulacra (Swamp:4)
  3 ribbon worms
  2 dart slugs
  70 orcs
  6 bats
  8 endoplasms
  3 giant cockroaches
  17 goblins
  10 hobgoblins
  7 jackals
  3 quokkas
  14 ball pythons
  5 frilled lizards
  24 kobolds
  2 rats
  A rat skeleton (Crypt:2)
1685 creatures vanquished.

Vanquished Creatures (collateral kills)
  A demonic crawler (Spider:1)
  A pharaoh ant (Spider:1)
2 creatures vanquished.

Vanquished Creatures (others)
  A deep elf pyromancer (Elf:2)
  A deep elf zephyrmancer (Elf:1)
  2 bloated husks
  A saltling (Desolation)
  A vampire mosquito (Swamp:1)
  A swamp worm (Swamp:4)
  4 foxfires (Swamp:1)
11 creatures vanquished.

Grand Total: 1698 creatures vanquished

Notes
Turn   | Place    | Note
-------+----------+-------------------------------------------
     0 | D:1      | Goncyn the Minotaur Berserker began the quest for the Orb.
     0 | D:1      | Reached XP level 1. HP: 19/19 MP: 0/0
   108 | D:1      | Reached XP level 2. HP: 27/27 MP: 1/1
   288 | D:1      | Reached skill level 4 in Fighting
   681 | D:1      | Found a faded altar of an unknown god.
   690 | D:1      | Reached XP level 3. HP: 33/33 MP: 2/2
   874 | D:1      | Reached ** piety under Trog
   912 | D:2      | Reached skill level 1 in Throwing
   931 | D:2      | Found a glowing golden altar of the Shining One.
  1284 | D:2      | Reached XP level 4. HP: 41/41 MP: 3/3
  1301 | D:2      | Noticed Robin
  1318 | D:2      | Killed Robin
  1361 | D:2      | You fall into a shaft and drop 2 floors!
  1570 | D:2      | Noticed Jessica
  1573 | D:2      | Killed Jessica
  1574 | D:2      | Reached XP level 5. HP: 39/47 MP: 2/4
  2000 | D:3      | Reached skill level 5 in Fighting
  2097 | D:3      | Reached skill level 5 in Axes
  2165 | D:3      | Found a bloodstained altar of Trog.
  2185 | D:3      | Noticed Grinder
  2200 | D:3      | Paralysed by Grinder for 5 turns
  2217 | D:3      | Killed Grinder
  2218 | D:3      | Reached XP level 6. HP: 43/57 MP: 3/5
  2241 | D:3      | Noticed Terence
  2262 | D:3      | Killed Terence
  2341 | D:3      | Reached *** piety under Trog
  2694 | D:4      | Noticed Dowan
  2732 | D:4      | Killed Dowan
  2824 | D:4      | Found a glowing golden altar of the Shining One.
  2883 | D:4      | Found a shimmering blue altar of Sif Muna.
  3083 | D:4      | Reached skill level 6 in Fighting
  3083 | D:4      | Reached XP level 7. HP: 59/63 MP: 4/6
  3149 | D:4      | Noticed Natasha
  3154 | D:4      | Killed Natasha
  3217 | D:4      | Noticed Natasha
  3229 | D:4      | Killed Natasha
  3308 | D:4      | Noticed Duvessa
  3328 | D:4      | Killed Duvessa
  3559 | D:5      | Entered Level 5 of the Dungeon
  3746 | D:5      | Found a glowing silver altar of Zin.
  3922 | D:5      | Noticed Pikel
  3952 | D:5      | Killed Pikel
  3953 | D:5      | Reached skill level 7 in Fighting
  3953 | D:5      | Reached skill level 5 in Armour
  3953 | D:5      | Reached XP level 8. HP: 44/73 MP: 3/7
  4367 | D:6      | Noticed Prince Ribbit
  4377 | D:6      | Killed Prince Ribbit
  4378 | D:6      | Reached skill level 8 in Fighting
  4378 | D:6      | Reached skill level 5 in Dodging
  4534 | D:6      | Reached XP level 9. HP: 74/82 MP: 8/8
  4596 | D:6      | Paralysed by a gnoll for 2 turns
  4734 | D:6      | Found a snail-covered altar of Cheibriados.
  4741 | D:6      | Noticed Menkaure
  4758 | D:6      | Killed Menkaure
  4913 | D:6      | Found a white marble altar of Elyvilon.
  5150 | D:7      | Reached skill level 9 in Fighting
  5382 | D:7      | Reached **** piety under Trog
  5639 | D:7      | Found a staircase to the Ecumenical Temple.
  5654 | Temple   | Entered the Ecumenical Temple
  6087 | D:8      | Reached skill level 5 in Throwing
  7075 | D:9      | Noticed a troll
  7099 | D:8      | Reached XP level 10. HP: 91/93 MP: 9/9
  7107 | D:8      | Reached skill level 10 in Axes
  7173 | D:9      | Reached skill level 10 in Fighting
  7690 | D:9      | Found Zaycluil's Magic Scroll Boutique.
  7719 | D:9      | Reached skill level 1 in Shields
  8017 | D:9      | Found a basalt altar of Yredelemnul.
  8084 | D:9      | Reached ***** piety under Trog
  8384 | D:9      | Reached skill level 11 in Fighting
  8615 | D:9      | Found a staircase to the Lair.
  8926 | D:10     | Entered Level 10 of the Dungeon
  9145 | D:9      | Bought a scroll of identify for 32 gold pieces
  9145 | D:9      | Bought a scroll of identify for 32 gold pieces
  9145 | D:9      | Bought a scroll of identify for 32 gold pieces
  9145 | D:9      | Bought a scroll of identify for 32 gold pieces
  9223 | D:10     | Reached XP level 11. HP: 96/102 MP: 8/10
  9387 | D:10     | Noticed a two-headed ogre
  9394 | D:10     | Killed a two-headed ogre
  9628 | D:10     | Received a gift from Trog
  9642 | D:10     | Found a staircase to the Orcish Mines.
  9965 | D:10     | Found a broken altar of Ashenzari.
 10485 | D:11     | Reached skill level 12 in Fighting
 10507 | D:11     | Noticed a soul eater
 10604 | D:11     | Noticed a two-headed ogre
 10643 | D:11     | Killed a two-headed ogre
 10878 | D:11     | Reached skill level 5 in Shields
 11827 | Lair:1   | Entered Level 1 of the Lair of Beasts
 12052 | Lair:1   | Reached XP level 12. HP: 90/113 MP: 8/11
 12181 | Lair:1   | Reached skill level 13 in Fighting
 12360 | Lair:1   | Noticed a catoblepas
 12377 | Lair:1   | Killed a catoblepas
 12449 | Lair:1   | Received a gift from Trog
 12955 | Lair:1   | Reached skill level 10 in Armour
 13670 | Lair:2   | Reached skill level 14 in Fighting
 13747 | Lair:2   | Noticed a catoblepas
 13782 | Lair:2   | Killed a catoblepas
 13973 | Lair:2   | Found a hole to the Spider Nest.
 13982 | Lair:2   | Reached XP level 13. HP: 125/125 MP: 12/12
 14140 | Lair:2   | Noticed Erica
 14158 | Lair:2   | Killed Erica
 15220 | Lair:3   | Noticed Snorg
 15232 | Lair:3   | Killed Snorg
 15482 | Lair:3   | Reached skill level 15 in Axes
 15482 | Lair:3   | Reached skill level 10 in Dodging
 15568 | Lair:3   | Reached skill level 15 in Fighting
 15865 | Lair:3   | Found a staircase to the Swamp.
 16801 | Lair:4   | Found a viscous altar of Jiyva.
 16802 | Lair:4   | Found a staircase to the Slime Pits.
 17169 | Lair:4   | Identified the maw talisman of Muttered Phrases {Int+2}
 17431 | Lair:5   | Entered Level 5 of the Lair of Beasts
 17431 | Lair:5   | Found a gate leading to a gauntlet.
 17458 | Gauntlet | Entered a Gauntlet
 17458 | Gauntlet | Found a transporter.
 17458 | Gauntlet | Found a transporter.
 17458 | Gauntlet | Found a transporter.
 17462 | Gauntlet | Found a transporter.
 17472 | Gauntlet | Found a transporter.
 17476 | Gauntlet | Found a transporter.
 17478 | Gauntlet | Found a large runed translucent door.
 17479 | Gauntlet | Found a large runed translucent door.
 17480 | Gauntlet | Found a large runed translucent door.
 17480 | Gauntlet | Found a large runed translucent door.
 17480 | Gauntlet | Found a runed translucent door.
 17480 | Gauntlet | Found a runed translucent door.
 17481 | Gauntlet | Found a large runed translucent door.
 17481 | Gauntlet | Found a large runed translucent door.
 17481 | Gauntlet | Found a large runed translucent door.
 17481 | Gauntlet | Found a large runed translucent door.
 17482 | Gauntlet | Found a large runed translucent door.
 17482 | Gauntlet | Found a large runed translucent door.
 17482 | Gauntlet | Found a large runed translucent door.
 17483 | Gauntlet | Found a large runed translucent door.
 17483 | Gauntlet | Found a large runed translucent door.
 17483 | Gauntlet | Found a large runed translucent door.
 17483 | Gauntlet | Found a large runed translucent door.
 17483 | Gauntlet | Found a large runed translucent door.
 17552 | Gauntlet | Received a gift from Trog
 17616 | Gauntlet | Noticed a quicksilver ooze
 17616 | Gauntlet | Found a runed translucent gate.
 17616 | Gauntlet | Found a runed translucent gate.
 17616 | Gauntlet | Found a runed translucent gate.
 17617 | Gauntlet | Found a transporter.
 17635 | Gauntlet | Killed a quicksilver ooze
 17640 | Gauntlet | Identified the +0 helmet of Vafeanuh {rN++ rCorr}
 17686 | Gauntlet | Noticed a minotaur
 17698 | Gauntlet | Killed a minotaur
 17723 | Gauntlet | Identified the +3 robe of the Abyss {Stlth+}
 17779 | Lair:5   | Reached XP level 14. HP: 112/136 MP: 11/13
 17826 | Lair:5   | Reached skill level 16 in Fighting
 19413 | Lair:5   | Identified the +0 leather armour of Uthykys {rF+++ Int-3
                  | Dex-2 Slay+5}
 20578 | D:12     | Found Amnat's Magic Scroll Boutique.
 21330 | Orc:1    | Entered Level 1 of the Orcish Mines
 21755 | Orc:1    | Reached skill level 10 in Shields
 21922 | Orc:1    | Reached skill level 17 in Fighting
 22201 | Orc:1    | Found a runed translucent gate.
 22201 | Orc:1    | Found a runed translucent gate.
 22201 | Orc:1    | Found a runed translucent gate.
 22212 | Orc:1    | Found an opulent altar of Gozag.
 22214 | Orc:1    | Found Karyuzeo's Assorted Antiques.
 22214 | Orc:1    | Noticed DoNotCum's ghost (journeyman DECj)
 22319 | Orc:1    | Killed DoNotCum's ghost
 22422 | Orc:2    | Entered Level 2 of the Orcish Mines
 22422 | Orc:2    | Found a staircase to the Elven Halls.
 22595 | Orc:2    | Noticed Urug
 22835 | Orc:2    | Killed Urug
 23130 | Orc:1    | Reached XP level 15. HP: 141/147 MP: 14/14
 23310 | Orc:2    | Paralysed by an ogre mage for 3 turns
 24013 | Orc:2    | Found Nun Jatze's Jewellery Emporium.
 24013 | Orc:2    | Found Feralext's Book Shop.
 24015 | Orc:2    | Found Weiwnyit's Weapon Boutique.
 24017 | Orc:2    | Found Aniubeclup's Antique Armour Shoppe.
 24033 | Orc:2    | Bought a pair of bloodstained boots for 313 gold pieces
 24033 | Orc:2    | Identified the +2 pair of boots "Zossuyta" {^Drain rPois
                  | Dex+3} (You bought it in a shop on level 2 of the Orcish
                  | Mines)
 24714 | D:13     | Received a gift from Trog
 25203 | D:14     | Noticed Azrael
 25218 | D:14     | Killed Azrael
 26060 | D:14     | Reached skill level 18 in Fighting
 26248 | D:14     | Found a gate to the Vaults.
 26668 | D:15     | Entered Level 15 of the Dungeon
 26934 | D:15     | Identified a scroll of acquirement
 27004 | D:15     | Reached skill level 1 in Evocations
 27177 | D:15     | Acquired the +15 Maxwell's patent armour {-Cast -Tele rElec
                  | Will+ rCorr}
 27177 | D:15     | Found the +15 Maxwell's patent armour {-Cast -Tele rElec
                  | Will+ rCorr}
 27502 | D:15     | Found a staircase to the Depths.
 27994 | Spider:1 | Entered Level 1 of the Spider Nest
 28077 | Spider:1 | Noticed Donald
 28094 | Spider:1 | Killed Donald
 28126 | Spider:1 | Noticed Rupert
 28161 | Spider:1 | Killed Rupert
 28204 | Spider:1 | Received a gift from Trog
 28261 | Spider:1 | Reached XP level 16. HP: 157/157 MP: 15/15
 29392 | Spider:2 | Identified the serpent talisman of Sin {Will+ Str+2 Dex+4
                  | Slay+3}
 29392 | Spider:2 | Noticed Aizul
 29412 | Spider:2 | Killed Aizul
 29726 | Spider:2 | Received a gift from Trog
 29953 | Spider:2 | Found a runed translucent gate.
 29953 | Spider:2 | Found a runed translucent gate.
 29953 | Spider:2 | Found a runed translucent gate.
 29954 | Spider:2 | Noticed OlivierBoivin's ghost (adept OnFE)
 30081 | Spider:2 | Reached skill level 19 in Fighting
 31030 | Spider:4 | Entered Level 4 of the Spider Nest
 31086 | Spider:4 | Reached skill level 15 in Armour
 31861 | Spider:4 | Received a gift from Trog
 32240 | Spider:4 | Reached XP level 17. HP: 151/168 MP: 0/16
 32403 | Spider:4 | Acquired the ring of Fagaeteth {Fire rElec rN++ Dex+2
                  | Slay+3}
 32442 | Spider:4 | Got a gossamer rune of Zot
 32865 | Swamp:1  | Entered Level 1 of the Swamp
 32989 | Swamp:1  | Noticed Roxanne
 34249 | Swamp:3  | Found an ornate altar of the Wu Jian Council.
 34309 | Swamp:3  | Reached skill level 20 in Fighting
 34342 | Swamp:3  | Noticed Mlioglotl
 34352 | Swamp:3  | Killed Mlioglotl
 34628 | Swamp:3  | Reached skill level 5 in Evocations
 34877 | Swamp:4  | Entered Level 4 of the Swamp
 34951 | Swamp:4  | Identified the +9 hand axe "Iwkuijef" {flame, Str+7} (Trog
                  | gifted it to you on level 4 of the Swamp)
 34951 | Swamp:4  | Received a gift from Trog
 35036 | Swamp:4  | Found a glacial archway.
 35168 | Swamp:4  | Reached ****** piety under Trog
 35807 | Swamp:4  | Got a decaying rune of Zot
 36309 | Elf:1    | Entered Level 1 of the Elven Halls
 36529 | Elf:1    | Noticed Jorgrun
 36547 | Elf:1    | Killed Jorgrun
 36632 | Elf:1    | Reached XP level 18. HP: 180/180 MP: 17/17
 36782 | Elf:1    | Paralysed by an air elemental for 1 turns
 36827 | Elf:1    | Reached skill level 15 in Shields
 37011 | Elf:1    | Noticed Asterion
 37026 | Elf:1    | Killed Asterion
 37121 | Elf:1    | Received a gift from Trog
 37228 | Elf:1    | Found a huge runed translucent gate.
 37519 | Elf:1    | Found a huge runed translucent gate.
 37539 | Elf:1    | Found a huge runed translucent gate.
 37548 | Elf:1    | Found a huge runed translucent gate.
 37548 | Elf:1    | Found a huge runed translucent gate.
 37549 | Elf:1    | Found a huge runed translucent gate.
 37549 | Elf:1    | Found a huge runed translucent gate.
 37550 | Elf:1    | Found a huge runed translucent gate.
 37550 | Elf:1    | Found a huge runed translucent gate.
 37550 | Elf:1    | Found a huge runed translucent gate.
 37550 | Elf:1    | Found a huge runed translucent gate.
 37550 | Elf:1    | Found a huge runed translucent gate.
 37550 | Elf:1    | Found a huge runed translucent gate.
 37551 | Elf:1    | Found a huge runed translucent gate.
 37551 | Elf:1    | Found a huge runed translucent gate.
 37551 | Elf:1    | Found a huge runed translucent gate.
 37551 | Elf:1    | Found a huge runed translucent gate.
 37551 | Elf:1    | Found a huge runed translucent gate.
 37552 | Elf:1    | Found a huge runed translucent gate.
 37552 | Elf:1    | Found a huge runed translucent gate.
 38456 | Elf:2    | Noticed an Ice Fiend
 38457 | Elf:2    | Paralysed by an air elemental for 1 turns
 38694 | Elf:2    | Reached skill level 21 in Fighting
 38841 | Elf:2    | Found a runed translucent gate.
 38841 | Elf:2    | Found a runed translucent gate.
 38841 | Elf:2    | Found a runed translucent gate.
 39689 | D:12     | Bought a scroll of enchant weapon for 120 gold pieces
 39689 | D:12     | Bought a scroll of fear for 64 gold pieces
 39764 | Vaults:1 | Entered Level 1 of the Vaults
 40174 | Vaults:1 | Reached skill level 10 in Throwing
 40189 | Vaults:1 | Reached XP level 19. HP: 190/190 MP: 18/18
 40217 | Vaults:1 | Noticed Nikola
 40258 | Vaults:1 | Killed Nikola
 40272 | Vaults:1 | Received a gift from Trog
 40888 | Vaults:1 | Identified the +1 leather armour of Incorporation {*Slow
                  | rF+++ Regen+ Slay+5}
 40975 | Vaults:1 | Found Taczifou's Magic Scroll Emporium.
 41210 | Vaults:2 | Found the +3 pair of mountain boots {steadfast, rC+}
 41354 | Vaults:2 | Found a crumbling gateway.
 41358 | Desolati | Entered the Desolation of Salt
 41395 | Desolati | Received a gift from Trog
 41403 | Desolati | Reached skill level 22 in Fighting
 41460 | Desolati | Found the +7 mace of Variability {chaos, chaos arc}
 41472 | Desolati | Identified the ring "Yroil" {Will+ Int+6 Dex+6}
 41495 | Desolati | Identified the ring of Immorality {rCorr EV+5 Str+3 Int-3
                  | Dex+3}
 41536 | Desolati | Reached skill level 15 in Dodging
 41592 | Desolati | Found the +12 glaive of Prune {freeze, Prune}
 41642 | Desolati | Identified the +8 hand axe of the Evening {pain, Dex+3}
 41643 | Desolati | Identified the +6 battleaxe of Annihilation {drain, Str+4
                  | Int-4 Stlth+}
 41935 | Desolati | Identified the ring "Cage" {Fly rF+ Str+2 Dex+2 SInv}
 41945 | Desolati | Identified the +10 great sword of Wihail {venom, rC+ Str+3}
 41947 | Desolati | Identified the ring "Hinadau Baja" {rF- rN+ Str+2 SInv
                  | Stlth+}
 42329 | Vaults:2 | Received a gift from Trog
 42452 | Vaults:2 | Paralysed by a formless jellyfish for 1 turns
 42534 | Vaults:2 | Reached XP level 20. HP: 202/202 MP: 19/19
 43317 | Vaults:3 | Received a gift from Trog
 43318 | Vaults:3 | Reached XP level 21. HP: 209/209 MP: 20/20
 43801 | Vaults:3 | Found a staircase to the Crypt.
 44002 | Vaults:3 | Found Zeseawaarph's Weapon Shoppe.
 44032 | Vaults:3 | Reached skill level 23 in Fighting
 44242 | Vaults:3 | Received a gift from Trog
 44905 | Vaults:3 | Received a gift from Trog
 45444 | Vaults:4 | Received a gift from Trog
 45693 | Vaults:4 | Found Tepoocom's Antique Armour Shoppe.
 45695 | Vaults:4 | Identified the ring "Xuhove Upim" {rF+ rC+ Int-5 Dex+2
                  | Slay+2}
 46216 | Crypt:1  | Entered Level 1 of the Crypt
 46440 | Crypt:1  | Reached XP level 22. HP: 213/222 MP: 21/21
 46692 | Crypt:1  | Identified the +2 battleaxe of the Rattlesnake {antimagic,
                  | rPois rC+ Dex+3} (Trog gifted it to you on level 1 of the
                  | Crypt)
 46692 | Crypt:1  | Received a gift from Trog
 47086 | Crypt:2  | Reached skill level 24 in Fighting
 47318 | Crypt:2  | Found a basalt altar of Yredelemnul.
 47491 | Crypt:2  | Noticed Boris
 47509 | Crypt:2  | Killed Boris
 47843 | Vaults:4 | Bought a pair of smoking gloves for 437 gold pieces
 47843 | Vaults:4 | Identified the +0 pair of gloves "Ittusaew" {rPois} (You
                  | bought it in a shop on level 4 of the Vaults)
 48146 | Crypt:2  | Received a gift from Trog
 48437 | Crypt:3  | Entered Level 3 of the Crypt
 48773 | Crypt:3  | Found an ancient bone altar of Kikubaaqudgha.
 48773 | Crypt:3  | Noticed a dread lich
 48780 | Crypt:3  | Killed a dread lich
 48841 | Crypt:3  | Identified the staff of Sif Muna, Smoking {rF+ rN+ Str+3
                  | Necro}
 49127 | Crypt:3  | Noticed Boris
 49141 | Crypt:3  | Killed Boris
 49141 | Crypt:3  | Received a gift from Trog
 49203 | Crypt:3  | Noticed Xtahua
 49208 | Crypt:3  | Noticed Jory
 49221 | Crypt:3  | Killed Xtahua
 49230 | Crypt:3  | Killed Jory
 49382 | Crypt:3  | Found a staircase to the Tomb.
 50173 | Depths:1 | Entered Level 1 of the Depths
 50317 | Depths:1 | Reached skill level 25 in Fighting
 50356 | Depths:1 | Noticed an ancient lich
 50366 | Depths:1 | Killed an ancient lich
 50377 | Depths:1 | Received a gift from Trog
 50435 | Depths:1 | HP: 10/210 [shadow dragon simulacrum[a necromancer] (32)]
 50436 | Depths:1 | Demolished by a shadow dragon simulacrum

Illustrated notes

Levels and vault maps discovered:
D:1:      psy_arrival_radial02, layout_basic,
          hellmonk_ecumenical_altar_pennies_from_heaven
D:2:      layout_loops_ring, basic_altar, serial_aquarium,
          aquarium_bridge_island_small [aquarium_subvault_small_open,
          aquarium_subvault_bridge, aquarium_subvault_wall,
          aquarium_subvault_bridge, aquarium_subvault_bridge],
          aquarium_window_2, aquarium_window_corridor_1, aquarium_window_2,
          aquarium_view_2g, aquarium_view_2d, aquarium_pool_split, uniq_robin,
          uniq_jessica
D:3:      layout_loops_ring, mainiacjoe_overflow_paths, uniq_terence,
          uniq_grinder
D:4:      layout_cave_pools, led_sif_book, mainiacjoe_overflow_boulevard,
          dk_vineyard_2, nrook_mini_backslash, uniq_natasha, uniq_duvessa
D:5:      layout_rooms, mainiacjoe_overflow_24_doors, uniq_pikel
D:6:      layout_rooms, elyvilon_altar_1, slow_altar_1, uniq_menkaure,
          uniq_prince_ribbit1
D:7:      layout_layer_cave, minmay_temple_entry_fiery
D:8:      wad_pebble_path, layout_loops_ring, nicolae_have_a_lightning_rod
D:9:      layout_loops_ring, nicolae_yredelemnul_corpse_copse, erik_lair_dragon,
          chequers_serial_rivers_small_a, nicolae_take_the_stairs
D:10:     layout_stronghold, ashenzari_altar_1, erik_orc_1
D:11:     layout_basic
D:12:     layout_long_grid, serial_shops, nicolae_shop_statue_plus,
          introduction_to_nature_2
D:13:     layout_gridville
D:14:     layout_grid_maze, hangedman_vaults_entry_quadrant_bands,
          hangedman_abyss_or_decor_lesser_grid, bh_walls_and_bars, uniq_azrael
D:15:     hangedman_depths_entry_civil_slaughter, layout_basic, chequers_jeans,
          drop_trap
Temple:   eino_narrow_crystal_temple
Lair:1:   layout_cave_pods, grunt_megastairs_3
Lair:2:   layout_cave_pods, nicolae_spider_entry_tight_spaces,
          infiniplex_staircase_pool, uniq_erica
Lair:3:   dreamdust_cave_troll, layout_cave_shapes,
          mainiacjoe_swamp_entry_lozenge_pond, lemuel_fruit_tree, uniq_snorg
Lair:4:   layout_roguey, slime_entry_1, hellmonk_talismancer
Lair:5:   evilmike_catoblepas_cave, layout_long_grid, gauntlet_entry_generic
Swamp:1:  layout_falls_marsh, evilmike_swamp_ruin_wall,
          nicolae_swamp_tree_isthmus, uniq_roxanne
Swamp:2:  nicolae_swamp_wrong_neighborhood, layout_basic_swamp,
          serial_swamp_ruin, hangedman_swamp_ruin_wall,
          evilmike_swamp_ruin_house_2, infiniplex_staircase_pool_2
Swamp:3:  layout_basic_swamp, basic_altar, nicolae_swamp_decorative_isthmus,
          uniq_mlioglotl
Swamp:4:  swamp_icy, layout_basic_swamp, portal_ice_cave_entry_pillars_2
Spider:1: layout_spider_delve, uniq_rupert, uniq_donald
Spider:2: layout_spider_delve, ebering_ghost_rock_garden, uniq_aizul
Spider:3: layout_spider_delve, hellmonk_test_site
Spider:4: grunt_spider_rune_parallel
Orc:1:    layout_caves, ebering_ghost_gozag
Orc:2:    st_orc_rangers, layout_caves, mines4_lemuel, uniq_urug
Elf:1:    elf_arrival_001, layout_loops_cross, special_room [special_room_orc],
          hangedman_elf_represent, serial_library_hellmonk_u_bend, minivault_25,
          uniq_asterion, uniq_jorgrun
Elf:2:    elven_hall_of_blades_hangedman_original
          [nicolae_blade_entry_sentries_behind_glass], layout_loops_cross,
          hangedman_elf_power_crystal, lemuel_upstairs_altar
Vaults:1: vaults_room_pools, grunt_vaults_twisty, nicolae_vaults_meiosis,
          nicolae_vaults_offset_grid_hallway_1, v_alt_pattern_2,
          ontoclasm_vaults_shuriken, v_alt_pattern_6, vaults_mumra_chevron,
          v_misc_3, st_eye, v_alt_pattern_6, nicolae_vaults_hexular_roomagon,
          vaults_room_stairs_pillars, ontoclasm_vaults_pinch,
          layout_vaults_omnibox, serial_shops, nicolae_shop_rolled_up,
          uniq_nikola
Vaults:2: portal_desolation_entry_nicolae_forbidding_blocks,
          nicolae_vaults_storage_room_statues, nicolae_vaults_trapezoid_layered,
          vaults_room_boxed, layout_vaults_omnigrid
Vaults:3: minmay_crypt_entry_skeletal_spiral, nicolae_vaults_big_ls,
          nicolae_vaults_storage_closets_3, nicolae_vaults_ring_of_whatevers,
          ontoclasm_vaults_ligature, vaults_dpeg_doors, v_misc_18,
          hangedman_vaults_pinch, v_misc_10, nicolae_vaults_trapezoid_3,
          st_cross, nicolae_vaults_trapezoid_lopsided_1, ontoclasm_vaults_spin,
          layout_vaults_big_room, serial_shops,
          nicolae_shop_bloodbath_and_beyond
Vaults:4: vaults_dpeg_spiral, vaults_room_fours,
          nicolae_vaults_closet_pinwheel_3, nicolae_vaults_shrinking_rooms_1,
          nicolae_vaults_diffraction_hallways, nicolae_vaults_house_3,
          hangedman_vaults_trim, nicolae_vaults_closet_pinwheel_5,
          vaults_mumra_minichess_inversion, nicolae_vaults_storage_room_water,
          vaults_dpeg_cross, layout_vaults_maze, serial_shops, shop
Crypt:1:  layout_misc_corridors
Crypt:2:  layout_gridlike, basic_altar, nicolae_crypt_lichyard, uniq_boris
Crypt:3:  cryptofortress_bobbens, uniq_xtahua, uniq_jory
Depths:1: layout_basic, grunt_pan_entry_spiral, fedhas_altar_fruit_tree,
          special_room [special_room_morgue], hell_entry,
          abyss_entry_small_statue_room, kennysheep_generic_room_9,
          uniq_bai_suzhen

Skill      XL: |  1  2  3  4  5  6  7  8  9 10 11 12 13 14 15 16 17 18 19 20 21 22 |
---------------+-------------------------------------------------------------------+-----
Fighting       | 4 5 6 7 8 9 11 12 14 15 17 18 19 20 21 22 23 25 | 25.1
Axes           | 4 5 6 7 8 9 11 12 14 15 17 18 | 18.0
Throwing       | 1 2 3 4 5 6 7 8 10 11 12 | 12.0
Armour         | 3 4 5 7 8 9 10 11 12 14 15 16 18 19 20 22 | 22.5
Dodging        | 3 4 5 6 7 8 9 10 11 12 13 14 15 16 | 16.2
Shields        | 3 5 7 8 10 11 13 14 16 17 18 19 21 | 21.2
Evocations     | 2 4 5 6 |  6.0

Action                     |  1- 3 |  4- 6 |  7- 9 | 10-12 | 13-15 | 16-18 | 19-21 | 22-24 || total
---------------------------+-------+-------+-------+-------+-------+-------+-------+-------++-------
  Melee: Hand axe          |    85 |   129 |   106 |       |       |       |       |       ||   320
         Headbutt          |    12 |    23 |    37 |   154 |   324 |   483 |   392 |   270 ||  1695
         Punch             |       |     3 |     2 |       |       |       |       |       ||     5
         Battleaxe         |       |       |    97 |   122 |       |       |       |       ||   219
         Broad axe         |       |       |       |   476 |  1114 |  1695 |  1166 |   685 ||  5136
         Whip              |       |       |       |       |    58 |    24 |       |       ||    82
  Throw: Dart              |    20 |    24 |    32 |    18 |    51 |    19 |     5 |       ||   169
         Boomerang         |       |       |    13 |    62 |   181 |   206 |    42 |    21 ||   525
         Javelin           |       |       |       |       |       |     6 |     3 |    12 ||    21
 Invoke: Berserk           |     1 |     3 |     6 |    10 |    19 |     8 |     3 |     4 ||    54
         Trog's Hand       |       |       |     3 |     4 |    12 |     9 |     4 |     6 ||    38
         Brothers in Arms  |       |       |       |       |       |     2 |       |     1 ||     3
  Evoke: Wand              |       |       |       |       |     9 |    16 |     1 |       ||    26
         Tin of tremorston |       |       |       |       |     2 |     4 |       |       ||     6
         Phial of floods   |       |       |       |       |       |     2 |       |       ||     2
         Phantom mirror    |       |       |       |       |       |       |     1 |       ||     1
    Use: Scroll            |     1 |     1 |    10 |     8 |    17 |    12 |     3 |     1 ||    53
         Potion            |       |       |     1 |     2 |     2 |     4 |     1 |     1 ||    11
   Stab: Petrified         |       |       |       |     7 |       |       |       |       ||     7
         Petrifying        |       |       |       |     1 |       |       |       |       ||     1
         Distracted        |       |       |       |       |     1 |       |       |       ||     1
 Armour: Animal skin       |    42 |       |       |       |       |       |       |       ||    42
         Plate armour      |     5 |    90 |   203 |   394 |   873 |  1061 |   428 |   276 ||  3330
  Dodge: Dodged            |    46 |    32 |    72 |   233 |   529 |   674 |   234 |   177 ||  1997
  Block: Kite shield       |       |       |       |   231 |   770 |   976 |   700 |   489 ||  3166
         Reflection        |       |       |       |       |       |    39 |    27 |     4 ||    70
